AoeStats
← [NICE_ASS] BigMasi

African Clearing

504588647Analyzed
4v4 RM · 27d ago on Sep 5, 2026· 44m 44s· 8 players
Game mode
Random Map
Map size
Large (8 player)
Population
200
Speed
Normal
Resources
Standard
Victory
Conquest
Starting age
Dark Age
Ending age
Imperial Age
RankedLock teamsTeams togetherTeam positionsShared explorationLock speedFull tech treeHidden civsTurbo modeCheats
Victory
Defeat
🇺🇸 Hindustanis · United States
1249
+14
🇺🇸 Koreans · United States
1236
+15
🇫🇷 Italians · France
1216
+16
🇨🇭 Georgians · Switzerland
1214
+16
🇨🇦 Gurjaras · Canada
1228
-16
🇲🇽 Berbers · Mexico
1208
-15
🇺🇸 Maya · United States
1200
-15
🇲🇽 Spanish · Mexico
1195
-15
Lancelot
6:48 Loom
14:28 Feudal Age
18:48 Castle Age
17:35 Stone Mining
17:35 Double-Bit Axe
21:58 Fletching
27:45 Wheelbarrow
29:13 Gold Mining
32:20 Bow Saw
33:24 Horse Collar
33:38 Elite Skirmisher
39:07 Bodkin Arrow
41:56 Imperial Age
41:01 Stone Shaft Mining
40:43 Hand Cart
40:59 Padded Archer Armor
41:23 Ballistics
41:52 Pikeman
42:33 Scale Mail Armor
43:22 Conscription
42:37 Elite Conquistador
42:51 Halberdier
43:18 Gambesons
Terror_Khan
6:39 Loom
13:12 Feudal Age
18:21 Forging
22:49 Castle Age
22:08 Double-Bit Axe
22:42 Scale Barding Armor
22:55 Light Cavalry
29:43 Padded Archer Armor
31:43 Husbandry
31:37 Fletching
32:29 Gold Mining
34:13 Town Watch
34:53 Stone Mining
36:57 Leather Archer Armor
37:21 Pikeman
38:31 Horse Collar
39:21 Scale Mail Armor
Iynn
10:58 Loom
12:45 Feudal Age
19:43 Castle Age
18:37 Scale Barding Armor
18:24 Horse Collar
18:37 Double-Bit Axe
20:06 Bloodlines
28:27 Bow Saw
28:22 Heavy Plow
31:32 Wheelbarrow
30:46 Town Watch
33:29 Sanctity
El Fantasma de Pancho Villa
9:32 Loom
9:41 Loom
13:47 Feudal Age
18:04 Castle Age
17:11 Stone Mining
17:09 Double-Bit Axe
18:00 Fletching
23:11 Padded Archer Armor
25:05 Leather Archer Armor
29:15 Wheelbarrow
29:32 Bodkin Arrow
36:57 Ballistics
36:44 Gold Mining
40:00 Bow Saw
42:50 Thumb Ring
JeanLucPicard
4:10 Loom
15:03 Feudal Age
15:35 Double-Bit Axe
15:54 Horse Collar
22:39 Castle Age
21:30 Stone Mining
24:37 Bow Saw
24:32 Heavy Plow
25:07 Gold Mining
25:36 Fletching
26:28 Wheelbarrow
25:43 Town Watch
28:25 Bodkin Arrow
34:03 Hand Cart
34:51 Thumb Ring
34:47 Husbandry
39:23 Imperial Age
38:41 Scale Mail Armor
38:52 Forging
40:05 Town Patrol
40:30 Conscription
39:31 Elite War Wagon
40:50 Gold Shaft Mining
41:19 Two-Man Saw
40:24 Bracer
40:40 Chain Mail Armor
41:00 Iron Casting
43:21 Chemistry
42:42 Ballistics
42:33 Masonry
VZ | Sithdown
10:06 Loom
12:01 Feudal Age
13:07 Double-Bit Axe
20:31 Wheelbarrow
23:20 Castle Age
21:36 Forging
21:34 Scale Barding Armor
22:38 Bloodlines
27:09 Iron Casting
30:54 Scale Mail Armor
35:12 Chain Mail Armor
39:46 Husbandry
40:48 Chain Barding Armor
45:27 Imperial Age
Ubuntu_FTS
7:37 Loom
12:30 Feudal Age
13:11 Double-Bit Axe
18:24 Fletching
23:42 Castle Age
22:43 Padded Archer Armor
24:19 Bodkin Arrow
24:40 Crossbowman
29:45 Town Watch
31:35 Horse Collar
32:06 Bow Saw
31:47 Gold Mining
32:46 Elite Skirmisher
35:34 Wheelbarrow
47:10 Imperial Age
44:43 Heavy Plow
[NICE_ASS] BigMasi
4:23 Loom
16:00 Feudal Age
19:40 Castle Age
17:36 Double-Bit Axe
17:42 Gold Mining
20:48 Bow Saw
21:07 Horse Collar
26:19 Wheelbarrow
27:48 Hand Cart
27:48 Heavy Plow
33:31 Imperial Age
31:11 Scale Barding Armor
31:25 Bloodlines
31:45 Town Watch
32:18 Husbandry
32:31 Forging
32:51 Chain Barding Armor
33:26 Town Patrol
34:08 Cavalier
35:42 Plate Barding Armor
35:53 Iron Casting
36:54 Light Cavalry
39:00 Blast Furnace
38:46 Conscription
40:18 Aznauri Cavalry
42:03 Svan Towers
42:38 Hussar
Connection lost

Rejoining the realm…

Still unreachable

The connection could not be restored.

Session expired

The server has moved on; the page needs a fresh start.